 Dungeon Crawl Stone Soup version 0.18.1-48-g4cf74bf (console) character file.

10995 CALLOUS the Thaumaturge (level 11, 0/48 HPs)
             Began as a Deep Elf Conjurer on Sept 6, 2016.
             Was a Priest of Kikubaaqudgha.
             Engulfed by an ice statue's freezing vapour (5 damage)
             ... in an ice cave on Sept 11, 2016.
             The game lasted 10:00:45 (24064 turns).

CALLOUS the Thaumaturge (Deep Elf Conjurer)        Turns: 24064, Time: 10:00:46

Health: 0/48       AC: 13    Str:  7    XL:     11   Next: 43%
Magic:  18/38      EV: 20    Int: 23    God:    Kikubaaqudgha [***...]
Gold:   777        SH:  0    Dex: 18    Spells: 10 memorised, 5 levels left

rFire  . . .     SeeInvis .     b - +1 mace (protect)
rCold  + . .     Gourm    .     q - +0 robe
rNeg   . . .     Faith    +     (no shield)
rPois  +         Spirit   .     (helmet restricted)
rElec  .         Dismiss  .     p - +2 cloak {rPois}
rCorr  .         Reflect  .     (no gloves)
SustAt .         Harm     .     V - +0 pair of boots
MR     +....                    D - amulet of faith
Stlth  +++.......               Q - ring of magical power
                                s - ring of protection from cold

@: somewhat resistant to hostile enchantments, fairly stealthy
A: antennae 1, slimy green scales 1, clever 1, frail 1, strong 1
a: Receive Corpses, Renounce Religion


You were in an ice cave.
You worshipped Kikubaaqudgha.
Kikubaaqudgha was most pleased with you.
You were hungry.

You visited 3 branches of the dungeon, and saw 14 of its levels.
You also visited: Ice Cave.

You collected 777 gold pieces.

Inventory:

Hand Weapons
 a - a +1 dagger of draining
 b - a +1 mace of protection (weapon)
 v - a +5 falchion of holy wrath
 G - a +0 blowgun
 K - a +2 shortbow of freezing
Missiles
 c - 245 arrows
 W - 91 poisoned needles
Armour
 p - a +2 cloak of poison resistance (worn)
 q - a +0 robe (worn)
 V - a +0 pair of boots (worn)
Jewellery
 s - a ring of protection from cold (left hand)
 z - an uncursed ring of protection from magic
 D - an amulet of faith (around neck)
 Q - a ring of magical power (right hand)
 R - a +3 ring of dexterity
 U - a +2 ring of intelligence
Wands
 k - a wand of paralysis (9/24)
 A - a wand of teleportation (3/9)
 H - a wand of disintegration (24/24)
 N - a wand of confusion (18/48)
Scrolls
 e - 2 scrolls of fear
 i - 2 scrolls of fog
 C - 2 scrolls of noise
Potions
 E - a potion of curing
Comestibles
 o - 7 meat rations
 x - 2 slices of pizza


   Skills:
 - Level 0.1 Long Blades
 + Level 2.3 Bows
 * Level 10.5 Dodging
 + Level 6.2 Stealth
 * Level 12.8 Spellcasting
 + Level 8.0 Conjurations
 * Level 8.6 Hexes
 * Level 8.6 Charms
 * Level 4.8 Necromancy


You had 5 spell levels left.
You knew the following spells:

 Your Spells              Type           Power        Failure   Level  Hunger
a - Magic Dart            Conj           ####         1%          1    None
b - Dazzling Spray        Conj/Hex       ######       1%          3    None
c - Iskenderun's Battles  Conj/Chrm      ######..     4%          5    ###....
d - Fulminant Prism       Conj/Hex       ######....   1%          4    None
e - Tukima's Dance        Hex            ######..     1%          3    None
f - Regeneration          Chrm/Necr      #####.....   1%          3    None
g - Control Undead        Necr           #####.....   8%          4    None
i - Corpse Rot            Necr           N/A          1%          2    None
j - Animate Skeleton      Necr           N/A          1%          1    None
k - Animate Dead          Necr           N/A          8%          4    None


Dungeon Overview and Level Annotations

Branches:
Dungeon (12/15)            Temple (0/1) D:5            Lair (1/8) D:11
    Orc (1/2) D:10

Altars:
Ashenzari
Kikubaaqudgha
Qazlal
Ru
Sif Muna
Trog
Vehumet
Xom
Yredelemnul
Zin
The Shining One

Annotations:
D:2 2 exclusions
D:4 1 exclusion
D:5 1 exclusion, Sigmund
D:6 1 exclusion
D:7 1 exclusion
D:9 2 exclusions
D:11 1 exclusion
D:12 exclusions: centaur, ice beast, 4 orcs, orc priest, 2 sheep and wyvern
Orc:1 Harold IceCv exclusion: 2 ice statues


Innate Abilities, Weirdness & Mutations

You have a pair of small antennae on your head.
You are partially covered in slimy green scales (AC +2).
Your mind is acute. (Int +2)
You are frail (-10% HP).
Your muscles are strong. (Str +2)


Message History

Your polar bear zombie completely misses something.
Your polar bear zombie claws something but does no damage. x2
Your rime drake zombie bites the ice beast but does no damage.
Your rime drake skeleton bites the ice beast.
Your battlesphere is engulfed in freezing vapours.
Press: ? - help, v - describe, . - travel The floor.
There is a cloud of freezing vapour here.
Unknown command.
Press: ? - help, v - describe, . - travel The floor.
There is a cloud of freezing vapour here.
Unknown command.
Press: ? - help, v - describe, . - travel
Here: a battlesphere (freezing vapour, lightly damaged, friendly)
The floor.
Unknown command.
You are engulfed in freezing vapours.
You resist.
You die...
Kikubaaqudgha rasps: "You have failed me!
Welcome... death!"

#..## ...# ##..#
#...## #...# ##§.##
##.*Y§# ##..@§§##
#...§§§8# ###
#......## ######..
#......%### ##..##...
#....Y....###........
#....(ZZ....#.......∩.
#........##Y...##.....
#......Z####..#####...
##......8 #### ##[.
##.#.### ### ####


You could see an ice statue, 3 ice beasts, a friendly battlesphere, a friendly
polar bear zombie, a friendly rime drake zombie and a friendly rime drake
skeleton.

Vanquished Creatures
  A hill giant (D:10)
  A wolf spider zombie (D:12)
  A cyclops (D:11)
  Maurice (D:10)
  A troll (D:12)
  Prince Ribbit (D:8)
  A spriggan (D:7)
  A wyvern (D:11)
  Grum (D:9)
  Edmund (D:5)
  2 vampire mosquitoes (D:11)
  4 water moccasins
  A phantom (D:9)
  A black bear (D:8)
  14 ice beasts
  3 orc warriors (D:10)
  5 ogres
  A sky beast (D:10)
  3 wolves (D:9)
  6 centaurs
  2 crocodiles
  2 big kobolds
  8 giant frogs
  7 scorpions
  4 killer bees (D:11)
  2 wights (D:7)
  6 howler monkeys
  10 crimson imps
  A wasp zombie (D:11)
  2 centaur zombies (D:7)
  A giant frog zombie (D:11)
  9 orc priests
  8 hounds
  6 orc wizards
  A centaur skeleton (D:5)
  2 jellies
  2 giant frog skeletons
  A gnoll shaman (D:5)
  8 iguanas
  Natasha (D:4)
  16 worker ants
  A killer bee zombie (D:10)
  6 sheep (Lair:1)
  2 hound zombies
  2 howler monkey zombies
  2 worker ant zombies
  7 gnolls
  15 adders
  2 shadow imps
  6 white imps (IceCv)
  5 ufetubi (IceCv)
  An adder zombie (D:7)
  4 adder skeletons
  5 worms
  3 dart slugs
  6 giant geckos
  44 orcs
  7 bats
  4 giant cockroaches
  10 goblins
  4 hobgoblins
  13 jackals
  11 quokkas
  3 ball pythons
  3 giant newts
  2 jackal skeletons (D:7)
  A jackal zombie (D:5)
  14 kobolds
  A quokka zombie (D:5)
  9 rats
342 creatures vanquished.

Vanquished Creatures (collateral kills)
  An oklob plant (D:11)
  A wyvern (D:11)
  An orc warrior (D:10)
  2 ogres
  A wight (D:7)
  3 orc priests
  2 orc wizards
  2 gnolls (D:6)
  An orc (D:10)
  A kobold (D:9)
  A plant (D:11)
16 creatures vanquished.

Vanquished Creatures (others)
  A dancing weapon (D:8)
  2 white imps (IceCv)
  2 ufetubi (IceCv)
  A giant gecko skeleton (D:4)
  6 fulminant prisms
  A plant (Lair:1)
13 creatures vanquished.

Grand Total: 371 creatures vanquished

Notes
Turn   | Place    | Note
--------------------------------------------------------------
     0 | D:1      | CALLOUS the Deep Elf Conjurer began the quest for the Orb.
     0 | D:1      | Reached XP level 1. HP: 10/10 MP: 6/6
   376 | D:1      | Reached XP level 2. HP: 15/15 MP: 4/8
   978 | D:2      | Reached skill level 5 in Conjurations
  1283 | D:2      | Reached XP level 3. HP: 19/19 MP: 7/9
  1288 | D:2      | Learned a level 3 spell: Dazzling Spray
  2448 | D:3      | Reached skill level 1 in Hexes
  3513 | D:3      | Reached XP level 4. HP: 24/24 MP: 11/11
  4600 | D:4      | Reached skill level 4 in Spellcasting
  4868 | D:4      | Found a glowing golden altar of the Shining One.
  4917 | D:4      | Noticed Natasha
  4967 | D:4      | Found a basalt altar of Yredelemnul.
  4969 | D:4      | Noticed a profane servitor
  4977 | D:4      | Noticed an angel
  5006 | D:4      | Reached XP level 5. HP: 28/28 MP: 1/13
  5589 | D:4      | Learned a level 5 spell: Iskenderun's Battlesphere
  5594 | D:4      | Learned a level 4 spell: Fulminant Prism
  5924 | D:5      | Entered Level 5 of the Dungeon
  5935 | D:4      | Reached XP level 6. HP: 31/32 MP: 9/15
  6761 | D:5      | Found a staircase to the Ecumenical Temple.
  6764 | D:5      | Found a shattered altar of Ashenzari.
  6829 | D:5      | Noticed an ice beast
  6875 | D:5      | Noticed Edmund
  6887 | D:4      | Reached skill level 5 in Dodging
  6936 | D:4      | Reached skill level 1 in Charms
  7024 | D:4      | Reached skill level 5 in Spellcasting
  7987 | D:4      | Killed Natasha
  8345 | D:4      | Reached XP level 7. HP: 36/36 MP: 13/17
  8350 | D:4      | Learned a level 3 spell: Tukima's Dance
  8594 | D:5      | Noticed Sigmund
  8627 | D:5      | Found a bloodstained altar of Trog.
  8628 | D:5      | Found a stormy altar of Qazlal.
  8949 | D:6      | Reached skill level 6 in Spellcasting
  9860 | D:6      | Reached skill level 7 in Spellcasting
 10167 | D:6      | Found a shimmering altar of Xom.
 10169 | D:6      | Noticed an angel
 10173 | D:6      | Found a glowing silver altar of Zin.
 10266 | D:7      | Reached XP level 8. HP: 41/41 MP: 20/20
 11347 | D:8      | Found a sacrificial altar of Ru.
 11354 | D:8      | Became a worshipper of Ru the Awakened
 11770 | D:8      | Noticed Prince Ribbit
 11965 | D:8      | Reached skill level 8 in Spellcasting
 12760 | D:8      | Reached skill level 5 in Stealth
 13165 | D:8      | Reached skill level 5 in Hexes
 13820 | D:8      | Fell from the grace of Ru
 13842 | D:8      | Became a worshipper of Ru the Awakened
 13909 | D:8      | Killed Prince Ribbit
 13909 | D:8      | Reached XP level 9. HP: 45/45 MP: 16/23
 14224 | D:9      | Reached skill level 9 in Spellcasting
 14433 | D:9      | Reached skill level 5 in Charms
 15296 | D:9      | Noticed Grum
 15927 | D:10     | Entered Level 10 of the Dungeon
 15927 | D:10     | Noticed Maurice
 16376 | D:7      | Reached skill level 10 in Spellcasting
 17573 | D:5      | Killed Edmund
 17659 | D:5      | Found an ancient bone altar of Kikubaaqudgha.
 17667 | D:5      | Found a deep blue altar of Sif Muna.
 17668 | D:5      | Found a radiant altar of Vehumet.
 17672 | D:5      | Fell from the grace of Ru
 17672 | D:5      | Became a worshipper of Kikubaaqudgha
 17681 | D:5      | Identified Sif Muna's Guide on Orientation (You found it on level 5 of the Dungeon)
 18534 | D:5      | Reached XP level 10. HP: 50/50 MP: 15/26
 18704 | D:5      | Reached skill level 1 in Necromancy
 19118 | D:8      | Reached skill level 1 in Bows
 19526 | D:9      | Killed Grum
 19679 | D:10     | Noticed a hill giant
 19685 | D:10     | Killed a hill giant
 19685 | D:10     | Reached * piety under Kikubaaqudgha
 19685 | D:10     | Received a gift from Kikubaaqudgha
 19685 | D:10     | Reached skill level 11 in Spellcasting
 19688 | D:10     | Identified Kikubaaqudgha's Handbook of Necromancy (Kikubaaqudgha gifted it to you on level 10 of the Dungeon)
 19693 | D:10     | Learned a level 3 spell: Regeneration
 19709 | D:10     | Learned a level 4 spell: Control Undead
 19712 | D:10     | Learned a level 2 spell: Sublimation of Blood
 19716 | D:10     | Learned a level 2 spell: Corpse Rot
 19749 | D:10     | Killed Maurice
 20136 | D:10     | Gained mutation: Your mind is acute. (Int +2) [mutagenic meat]
 20137 | D:10     | Gained mutation: You are frail (-10% HP). [mutagenic meat]
 20146 | D:10     | Gained mutation: You are partially covered in slimy green scales (AC +2). [mutagenic meat]
 20147 | D:10     | Gained mutation: Your muscles are strong. (Str +2) [mutagenic meat]
 20148 | D:10     | Gained mutation: You have a pair of small antennae on your head. [mutagenic meat]
 20253 | D:10     | Found a staircase to the Orcish Mines.
 20708 | D:10     | Reached ** piety under Kikubaaqudgha
 20708 | D:10     | Reached skill level 10 in Dodging
 21054 | Orc:1    | Entered Level 1 of the Orcish Mines
 21062 | Orc:1    | Noticed Harold
 22028 | D:11     | Found a staircase to the Lair.
 22036 | D:11     | Noticed an oklob plant
 22141 | D:11     | Noticed a cyclops
 22164 | D:11     | Reached XP level 11. HP: 48/48 MP: 19/28
 22204 | D:11     | Reached skill level 12 in Spellcasting
 22850 | D:12     | Learned a level 1 spell: Animate Skeleton
 22855 | D:12     | Learned a level 4 spell: Animate Dead
 23245 | D:11     | Reached *** piety under Kikubaaqudgha
 23245 | D:11     | Received a gift from Kikubaaqudgha
 23251 | D:11     | Identified Kikubaaqudgha's Catalogue of Darkness (Kikubaaqudgha gifted it to you on level 11 of the Dungeon)
 23329 | D:11     | Killed an oklob plant
 23554 | Lair:1   | Entered Level 1 of the Lair of Beasts
 23704 | Lair:1   | Found a frozen archway.
 23895 | IceCv    | Entered an ice cave
 24002 | IceCv    | Reached **** piety under Kikubaaqudgha
 24064 | IceCv    | Engulfed by an ice statue's freezing vapour

Skill      XL: |  1  2  3  4  5  6  7  8  9 10 11 |
---------------+----------------------------------+-----
Conjurations   | 5 6 7 8 |  8.0
Dodging        | 3 4 5 6 8 9 10 | 10.5
Hexes          | 1 2 3 5 6 8 |  8.6
Stealth        | 3 4 5 6 |  6.2
Spellcasting   | 4 5 7 8 10 11 12 | 12.8
Charms         | 2 3 4 6 8 |  8.6
Necromancy     | 4 |  4.8
Bows           | 2 |  2.3
Long Blades    | |  0.1

Action                   |  1- 3 |  4- 6 |  7- 9 | 10-12 || total
-------------------------+-------+-------+-------+-------++-------
Melee: Short sword       |    88 |   159 |   191 |       ||   438
       Mace              |       |       |    29 |       ||    29
       Dagger            |       |       |    51 |    30 ||    81
       Hand axe          |       |       |    12 |    14 ||    26
       Falchion          |       |       |       |    40 ||    40
 Fire: Shortbow          |       |       |    17 |    73 ||    90
       Blowgun           |       |       |    11 |    30 ||    41
Throw: Stone             |    70 |    56 |   127 |     1 ||   254
       Javelin           |       |       |     1 |       ||     1
 Cast: Magic Dart        |    45 |    83 |   247 |   153 ||   528
       Dazzling Spray    |     1 |    21 |    54 |    14 ||    90
       Tukima's Dance    |       |       |    27 |     7 ||    34
       Iskenderun's Batt |       |       |     7 |    50 ||    57
       Regeneration      |       |       |       |    10 ||    10
       Fulminant Prism   |       |       |       |     6 ||     6
       Sublimation of Bl |       |       |       |     1 ||     1
       Animate Skeleton  |       |       |       |     5 ||     5
       Animate Dead      |       |       |       |     3 ||     3
Invok: Reject Sacrifices |       |       |     1 |       ||     1
       Renounce Religion |       |       |     1 |       ||     1
       Receive Corpses   |       |       |       |     2 ||     2
Evoke: Wand              |       |     1 |       |     2 ||     3
  Use: Potion            |       |     4 |     2 |       ||     6
       Scroll            |       |       |       |    15 ||    15
 Stab: Sleeping          |     3 |     5 |    13 |     5 ||    26
       Invisible         |       |     2 |    16 |     3 ||    21
       Distracted        |       |       |     2 |     2 ||     4
  Eat: Chunk             |     7 |    16 |    29 |    22 ||    74
       Pizza             |       |     1 |       |       ||     1
       Meat ration       |       |       |     1 |     1 ||     2
Armor: Robe              |    14 |    21 |    39 |    34 ||   108
Dodge: Dodged            |    38 |   109 |   308 |   178 ||   633
